Map: Amygdala

Players

HeroMarine - Winner!

  • Race: Terran Terran
  • Spawn Location: 1:00

Reynor

  • Race: Zerg Zerg
  • Spawn Location: 7:00

Event: HomeStory Cup XXVI

VOD

Have the link to the VOD?

Description

Time

  • Played on: Nov. 30, 2024, 6:44 a.m.
  • Length: 11:12

All games in this series

Show
View Real Time Build Order
Export as new Build Order

HeroMarine Terran - Winner!

Build Orders: Reaper Expand, Hellion Banshee 

Get SALT Encoding   

  12  0:00  SCV  
  13  0:12  SCV  
  14  0:16  Supply Depot  
  14  0:24  SCV  
  15  0:38  SCV  
  15  0:40  Barracks  
  15  0:42  Refinery  
  16  0:50  SCV  
  17  1:02  SCV  
  18  1:14  SCV  
  19  1:27  Orbital Command, Reaper  
  20  1:38  Command Center  
  20  1:45  Supply Depot  
  20  1:52  SCV  
  21  1:58  Marine  
  22  2:04  SCV  
  22  2:08  Factory  
  23  2:16  SCV  
  23  2:19  Barracks Reactor  
  24  2:28  SCV  
  24  2:40  SCV  
  24  2:43  Command Center  
  25  2:53  SCV  
  25  3:05  SCV  
  26  3:08  Refinery  
  26  3:13  Starport  
  26  3:16  Hellion  
  26  3:17  SCV  
  26  3:18  Hellion  
  31  3:25  Orbital Command  
  31  3:29  SCV  
  33  3:38  Barracks Tech Lab  
  33  3:41  SCV, Hellion  
  35  3:44  Hellion  
  37  3:51  SCV  
  37  3:53  SCV  
  39  3:55  Orbital Command  
  39  4:03  SCV  
  39  4:05  SCV, Banshee  
  39  4:08  Bunker  
  42  4:14  Marine  
  42  4:15  Hellion x2  
  48  4:17  SCV x2  
  48  4:22  SCV  
  48  4:23  Supply Depot  
  48  4:29  SCV x2  
  50  4:32  Marine  
  50  4:36  Hellion x2  
  54  4:39  SCV  
  54  4:41  SCV  
  54  4:49  Banshee  
  53  4:54  SCV  
  53  4:55  SCV x2  
  51  5:06  SCV  
  45  5:07  SCV x2  
  44  5:19  SCV x3  
  47  5:23  Factory Tech Lab  
  47  5:31  SCV x3, Barracks, Factory Reactor  
  50  5:36  Barracks  
  50  5:42  Starport Reactor, Stimpack  
  50  5:43  SCV x3, Marine  
  50  5:51  Engineering Bay  
  50  5:54  Engineering Bay  
  50  5:55  SCV  
  51  5:57  Refinery  
  51  5:58  SCV, Refinery  
  51  5:59  SCV  
  51  6:00  Marine  
  54  6:07  SCV  
  54  6:12  Orbital Command, SCV  
  54  6:13  Supply Depot x2  
  55  6:18  Marine  
  55  6:19  SCV, Factory Tech Lab  
  55  6:21  Terran Infantry Weapons Level 1, Terran Infantry Armor Level 1  
  55  6:22  Marine  
  55  6:23  Marine  
  55  6:25  SCV  
  60  6:31  SCV  
  61  6:32  Barracks  
  61  6:35  Barracks  
  61  6:37  SCV  
  61  6:39  SCV, Starport Reactor  
  63  6:41  Siege Tank  
  63  6:44  SCV  
  67  6:48  Marine x4  
  67  6:49  SCV, Marine  
  67  6:51  Supply Depot, SCV  
  74  6:56  SCV  
  74  7:01  SCV  
  76  7:03  Supply Depot, SCV  
  76  7:06  Marine x4  
  76  7:07  Marine  
  76  7:08  SCV  
  83  7:11  Supply Depot  
  83  7:13  SCV  
  84  7:15  Supply Depot, SCV  
  84  7:18  Medivac x2  
  84  7:22  Combat Shield  
  89  7:23  SCV  
  89  7:24  Marine x3, Barracks Reactor  
  89  7:25  SCV, Marine x2  
  89  7:29  Marine  
  97  7:30  Supply Depot x2  
  97  7:36  Marine  
  98  7:38  SCV x3  
  98  7:40  Refinery  
  98  7:42  Marine x3, Armory  
  98  7:43  Siege Tank  
  107  7:44  Marine x2  
  107  7:47  Marine  
  110  7:53  Medivac x2  
  110  7:55  Supply Depot  
  114  8:01  Barracks x2  
  114  8:02  Barracks  
  114  8:03  Supply Depot  
  114  8:07  Supply Depot x2  
  114  8:09  Marine x4  
  114  8:10  Marine  
  114  8:11  Marine  
  114  8:12  Marine x2  
  121  8:13  Marine  
  123  8:21  Siege Tank  
  123  8:27  Marine x4  
  126  8:28  Marine  
  126  8:29  Marine  
  126  8:30  Marine x2  
  126  8:31  Marine  
  135  8:39  Medivac  
  135  8:40  Medivac  
  137  8:42  Terran Infantry Weapons Level 2  
  137  8:44  Marine, Terran Vehicle Weapons Level 1  
  137  8:45  Marine x4  
  137  8:47  Marine  
  137  8:48  Marine, Terran Infantry Armor Level 2  
  144  8:49  Marine  
  144  8:50  Marine x4  
  149  8:57  Siege Tank  
  149  9:02  Marine x4  
  152  9:03  Marine  
  152  9:04  Supply Depot  
  152  9:05  Supply Depot, Marine  
  152  9:06  Marine  
  152  9:07  Marine  
  152  9:08  Marine  
  152  9:09  Marine, Medivac  
  163  9:10  Marine  
  163  9:12  Sensor Tower  
  165  9:26  Supply Depot, Marine x9, Medivac  
  165  9:27  Supply Depot  
  165  9:29  Siege Tank  
  179  9:36  Marine x3  
  178  9:43  Medivac  
  178  9:44  Marine  
  178  9:45  Supply Depot  
  181  9:48  Marine x8  
  189  9:54  Marine x3  
  189  9:56  Medivac  
  194  10:01  Siege Tank  
  194  10:06  Marine x3  
  200  10:22  Marine  
  200  10:24  Marine x2  
  200  10:27  Marine x2  
  196  10:31  Marine x2  
  196  10:32  Marine  
  196  10:35  Marine x2  
  197  10:37  Marine x2  
  200  10:46  Marine x2  
  185  10:50  Marine  
  185  10:51  Marine  
Show
View Real Time Build Order
Export as new Build Order

Reynor Zerg 

Build Orders: Pool First 

Get SALT Encoding   

  12  0:00  Drone  
  13  0:12  Overlord  
  13  0:16  Drone  
  14  0:31  Drone x2  
  16  0:41  Spawning Pool  
  15  0:45  Drone  
  15  0:49  Drone  
  17  1:10  Hatchery, Drone  
  17  1:25  Extractor  
  16  1:28  Zergling x6  
  16  1:32  Queen  
  21  1:39  Overlord  
  21  1:50  Drone  
  22  2:00  Drone  
  23  2:07  Queen  
  25  2:12  Drone  
  26  2:21  Drone  
  27  2:26  Queen  
  29  2:32  Drone  
  29  2:33  Drone  
  31  2:40  Overlord  
  31  2:42  Drone  
  33  2:47  Roach Warren  
  29  3:01  Overlord  
  28  3:06  Drone  
  29  3:28  Roach x7  
  29  3:32  Roach  
  45  3:34  Drone x4  
  45  3:40  Overlord  
  49  3:43  Drone  
  49  3:46  Drone  
  51  3:50  Drone  
  51  3:55  Overlord  
  52  4:05  Drone x3  
  52  4:06  Drone  
  56  4:12  Spore Crawler  
  56  4:15  Drone x4  
  59  4:21  Ravager  
  59  4:23  Spore Crawler  
  60  4:27  Spore Crawler  
  59  4:34  Evolution Chamber  
  59  4:35  Evolution Chamber  
  59  4:36  Evolution Chamber  
  56  4:40  Drone  
  56  4:42  Drone x2  
  56  4:44  Drone x3  
  59  4:50  Overlord  
  57  5:02  Hatchery, Drone  
  57  5:04  Drone  
  51  5:07  Drone  
  51  5:10  Drone  
  44  5:15  Roach  
  44  5:16  Roach  
  44  5:20  Roach x2  
  52  5:26  Queen  
  54  5:29  Drone  
  55  5:36  Lair  
  55  5:37  Drone x2  
  55  5:40  Evolution Chamber  
  56  5:45  Drone x2  
  55  5:52  Drone x3  
  55  5:54  Drone  
  55  5:56  Drone  
  60  5:57  Extractor  
  60  6:02  Spore Crawler  
  60  6:03  Drone x2  
  60  6:08  Queen  
  60  6:11  Metabolic Boost  
  63  6:13  Extractor  
  63  6:14  Extractor  
  61  6:19  Queen  
  61  6:21  Drone x3  
  66  6:29  Drone x4  
  66  6:32  Drone  
  70  6:33  Drone  
  71  6:40  Overseer  
  71  6:41  Drone x3  
  71  6:42  Drone x2  
  71  6:44  Drone  
  77  6:47  Overlord  
  77  6:48  Drone  
  77  6:49  Overseer  
  78  6:55  Evolution Chamber  
  78  6:57  Drone x3  
  80  7:03  Overlord x2  
  80  7:05  Glial Reconstitution  
  80  7:08  Drone  
  80  7:11  Infestation Pit  
  80  7:12  Overseer  
  80  7:14  Drone x4  
  84  7:17  Drone, Overseer  
  84  7:20  Drone x2, Baneling Nest  
  86  7:24  Overlord  
  86  7:35  Drone x2  
  84  7:38  Drone x2, Overlord  
  84  7:39  Extractor  
  84  7:41  Extractor  
  90  7:44  Roach x5  
  90  7:47  Hive  
  90  7:50  Zerg Ground Armor Level 1  
  94  7:54  Roach x2  
  94  7:56  Overlord  
  98  8:02  Drone x3  
  98  8:05  Centrifugal Hooks  
  101  8:06  Drone  
  101  8:08  Spore Crawler  
  101  8:17  Overlord  
  101  8:20  Hatchery  
  100  8:28  Evolution Chamber, Roach x2  
  100  8:29  Infestor, Overlord  
  100  8:34  Drone x4  
  106  8:45  Zergling x12  
  106  8:47  Overlord  
  112  8:56  Zerg Melee Weapons Level 1  
  112  9:01  Hatchery  
  111  9:04  Ultralisk Cavern  
  111  9:05  Ravager x3  
  111  9:08  Zergling x10  
  111  9:09  Zergling x2  
  119  9:12  Overlord  
  119  9:18  Roach x2  
  119  9:19  Roach x3  
  119  9:21  Baneling x8  
  119  9:23  Ravager x2  
  119  9:24  Ravager  
  131  9:26  Roach x2  
  134  9:32  Zergling x6  
  134  9:33  Zergling x4  
  134  9:38  Overlord  
  133  9:52  Chitinous Plating  
  133  9:55  Zergling x12  
  139  10:00  Ultralisk  
  145  10:11  Ultralisk  
  145  10:12  Zergling x10  
  145  10:13  Zergling x2  
  157  10:17  Zergling x6  
  157  10:21  Zergling x8  
  162  10:24  Zergling x2  
  162  10:25  Zergling x2  
  141  10:37  Zergling x6  
  141  10:38  Zergling x2  
  152  10:45  Zergling x6  
  152  10:48  Zergling x4  
  137  10:54  Zergling x6  
Tags
 
Add a new tag
Caveats
  • Supply blocks, unpowered buildings, or Contaminate may cause inaccurate times.
  • Supply counts are checked every 10 seconds.